 Dungeon Crawl Stone Soup version 0.22-a0-443-g17c3723 (webtiles) character file.

254 claquette the Ruffian (level 5, -6/53 HPs)
             Began as a Troll Monk on June 1, 2018.
             Mangled by Ijustatesigmund's ghost (27 damage)
             ... on level 4 of the Dungeon.
             The game lasted 00:13:12 (2452 turns).

claquette the Ruffian (Troll Monk)                  Turns: 2452, Time: 00:13:13

Health: -6/53      AC:  9    Str: 20    XL:     5   Next: 90%
Magic:  4/4        EV: 14    Int:  6    God:
Gold:   171        SH:  0    Dex: 12    Spells: 4/4 levels left

rFire    + . .     SeeInvis .     - Unarmed
rCold    . . .     Gourm    +   (no shield)
rNeg     . . .     Faith    .   q - +1 robe
rPois    +         Spirit   .   (helmet restricted)
rElec    .         Reflect  .   t - +2 cloak {rPois}
rCorr    .         Harm     .   (gloves unavailable)
MR       .....                  (boots unavailable)
Stlth    ++........             (no amulet)
HPRegen  0.57/turn              d - ring of protection from fire
MPRegen  0.09/turn              g - +4 ring of evasion

@: no status effects
A: large, unfitting armour, claws 3, fast metabolism 3, gourmand, regeneration
1, shaggy fur 1, tough skin 2
a: no special abilities


You were on level 4 of the Dungeon.
You were completely stuffed.

You visited 1 branch of the dungeon, and saw 4 of its levels.

You collected 171 gold pieces.

Inventory:

Hand Weapons
 n - a +3 quarterstaff of chaos
Missiles
 c - 125 stones (quivered)
 l - 6 large rocks
 u - 11 tomahawks
Armour
 a - a +0 robe
 q - a +1 robe (worn)
 t - a +2 cloak of poison resistance (worn)
Jewellery
 d - a ring of protection from fire (left claw)
 g - a +4 ring of evasion (right claw)
Wands
 p - a wand of flame (30)
Scrolls
 e - 5 scrolls of identify
 f - a scroll of enchant armour
 h - 2 scrolls of enchant weapon
 i - 6 scrolls of remove curse
 j - a scroll of teleportation
 k - a scroll of fear
 o - a scroll of noise
Potions
 m - 2 potions of haste
 r - a potion of invisibility
 s - 2 potions of resistance
 w - 2 potions of agility
Comestibles
 b - 6 rations
 v - 5 chunks of flesh


   Skills:
 + Level 3.5 Fighting
 + Level 1.8 Throwing
 + Level 2.7 Dodging
 - Level 1.0 Stealth
 * Level 5.1 Unarmed Combat


You had 4 spell levels left.
You didn't know any spells.
Your spell library contained the following spells:

 Spells                   Type           Power        Failure   Level  Hunger
 Confuse                  Hex            #.......     83%         3    ####...
 Tukima's Dance           Hex            #.......     83%         3    ####...
 Ensorcelled Hibernation  Hex/Ice        #.....       58%         2    ###....
 Corona                   Hex            #......      45%         1    ##.....
 Dazzling Spray           Conj/Hex       #.....       83%         3    ####...


Dungeon Overview and Level Annotations

Branches:
Dungeon (4/15)
 Temple: D:4-7

Altars:

Annotations:
D:4 Ijustatesigmund's ghost, novice OgGl


Innate Abilities, Weirdness & Mutations

You are too large for most types of armour.
You have claws for hands.
Your metabolism is lightning-fast.
You like to eat raw meat.
Your natural rate of healing is unusually fast.
You are covered in fur. (AC +1)
You have very tough skin. (AC +2)


Message History

Press: ? - help, Shift-Dir - straight line, f/p - Ijustatesigmund's ghost
Aim: Ijustatesigmund's ghost (lightly damaged)
You throw a stone.
The stone hits Ijustatesigmund's ghost but does no damage.
Ijustatesigmund's ghost is lightly damaged.
You closely miss Ijustatesigmund's ghost.
Ijustatesigmund's ghost is lightly damaged.
The hound skeleton bites you but does no damage.
Ijustatesigmund's ghost hits you!!
Ouch! That really hurt!
You claw Ijustatesigmund's ghost!
Ijustatesigmund's ghost is lightly damaged.
The hound skeleton misses you.
Ijustatesigmund's ghost screams, "I have seen your future, and it is all used up."
Ijustatesigmund's ghost hits you.
You scratch Ijustatesigmund's ghost. You claw Ijustatesigmund's ghost.
Ijustatesigmund's ghost is lightly damaged.
The hound skeleton misses you. Ijustatesigmund's ghost hits you!!
Ouch! That really hurt!
You die...

.%#.............
..............#.#
..............#.
.$..(.((.$.....
.......(....#.##
........(..##..##
.........(...$..####
#.........WZ###....#
#..........@.......#
...................#
##.....(..####.....#
.....(..... ###[...#
..........=##.....##
..........##.....#
.........##.....#
.....(...##.....#
....... #...<.#


You could see Ijustatesigmund's ghost and a hound skeleton.

Vanquished Creatures
  Crazy Yiuf (D:2)
  Ijyb (D:4)
  5 gnolls
  6 adders
  An ooze (D:4)
  2 worms (D:2)
  5 leopard geckos
  3 orcs (D:3)
  6 giant cockroaches
  12 goblins
  8 hobgoblins
  4 jackals (D:2)
  10 kobolds
  3 quokkas
  A ball python skeleton (D:4)
  9 bats
  3 frilled lizards
  7 rats
87 creatures vanquished.

Vanquished Creatures (others)
  A rat (D:3)
1 creature vanquished.

Grand Total: 88 creatures vanquished

Notes
Turn   | Place    | Note
-------+----------+-------------------------------------------
     0 | D:1      | claquette the Troll Monk began the quest for the Orb.
     0 | D:1      | Reached XP level 1. HP: 22/22 MP: 0/0
    41 | D:1      | Reached XP level 2. HP: 28/29 MP: 1/1
   481 | D:1      | Reached XP level 3. HP: 36/36 MP: 2/2
   824 | D:2      | Found a runed door.
   861 | D:2      | Reached skill level 4 in Unarmed Combat
  1094 | D:2      | Reached XP level 4. HP: 45/45 MP: 3/3
  1296 | D:2      | Reached skill level 1 in Throwing
  1595 | D:2      | Noticed Crazy Yiuf
  1601 | D:2      | Killed Crazy Yiuf
  1743 | D:3      | Reached XP level 5. HP: 46/53 MP: 4/4
  2133 | D:3      | Reached skill level 5 in Unarmed Combat
  2386 | D:4      | Noticed Ijyb
  2404 | D:4      | Killed Ijyb
  2439 | D:4      | Noticed Ijustatesigmund's ghost (novice OgGl)
  2452 | D:4      | Mangled by Ijustatesigmund's ghost

Vault maps used:
D:1:      dpeg_arrival_chambers_temple_mockup
D:2:      first_ration, uniq_crazy_yiuf_cottage
D:3:      guppyfry_early_orc_mine
D:4:      uniq_eustachio, uniq_ijyb

Skill      XL: |  1  2  3  4  5 |
---------------+----------------+-----
Unarmed Combat | 4 5 |  5.1
Fighting       | 3 |  3.5
Throwing       | 1 |  1.8
Dodging        | |  2.7
Stealth        | |  1.0

Action                   |  1- 3 |  4- 6 || total
-------------------------+-------+-------++-------
Melee: Unarmed           |    73 |   105 ||   178
       Punch             |     1 |     5 ||     6
Throw: Stone             |    45 |   111 ||   156
       Large rock        |     1 |       ||     1
  Use: Scroll            |       |    12 ||    12
 Stab: Sleeping          |     1 |       ||     1
  Eat: Chunk             |    15 |    13 ||    28
Armor: Robe              |    24 |    24 ||    48
Dodge: Dodged            |    34 |    85 ||   119

Table legend:
 A = Spawn XP
 B = Non-spawn XP
 C = Spawn XP percentage of total XP
 D = Spawn monster count
 E = Non-spawn monster count
 F = Spawn count percentage of total count
 G = Total turns spent on level
                    A         B        C        D         E        F      G
               +---------+---------+-------+---------+---------+-------+---------
         Total |       0 |     363 |   0.0 |       0 |      87 |   0.0 |  2452
               +---------+---------+-------+---------+---------+-------+---------
           D:1 |       0 |      43 |   0.0 |       0 |      18 |   0.0 |   719
           D:2 |       0 |     117 |   0.0 |       0 |      30 |   0.0 |   940
           D:3 |       0 |     147 |   0.0 |       0 |      34 |   0.0 |   701
           D:4 |       0 |      56 |   0.0 |       0 |       5 |   0.0 |    92
               +---------+---------+-------+---------+---------+-------+---------
